 Dungeon Crawl Stone Soup version 0.30-a0-629-gd54f4be4f7 (webtiles) character file.

Game seed: 17654795315354956488

204 bande the Shield-Bearer (level 5, -1/33 HPs)
             Began as a Gargoyle Fighter on Jan 13, 2023.
             Slain by Blork the orc
             ... wielding a +2 scimitar of distortion
              (21 damage)
             ... on level 4 of the Dungeon.
             The game lasted 00:02:38 (2066 turns).

bande the Shield-Bearer (Gargoyle Fighter)          Turns: 2066, Time: 00:02:38

Health: -1/33      AC: 11    Str: 20    XL:     5   Next: 82%
Magic:  5/5        EV:  9    Int:  8    God:
Gold:   133        SH:  4    Dex: 11    Spells: 4/4 levels left

rFire   . . .      SeeInvis .    a - +0 war axe
rCold   . . .      Faith    .    c - +0 buckler
rNeg    + . .      Spirit   .    b - +0 scale mail
rPois   ∞          Reflect  .    (no helmet)
rElec   +          Harm     .    (no cloak)
rCorr   .          Rampage  .    (no gloves)
Will    .....                    (no boots) Stlth
                                 (no amulet)
HPRegen 0.25/turn                (no ring)
MPRegen 0.09/turn                (no ring)

@: no status effects
A: sickness immunity, AC +4, negative energy resistance 1, electricity
resistance, torment resistance 1, petrification resistance
a: no special abilities


You were on level 4 of the Dungeon.
You visited 1 branch of the dungeon, and saw 4 of its levels.

You collected 133 gold pieces.

Inventory:

Hand Weapons
 a - a +0 war axe (weapon)
Armour
 b - a +0 scale mail (worn)
 c - a +0 buckler (worn)
Jewellery
 f - a ring of wizardry
Scrolls
 e - a scroll of fear {unknown}
 g - 2 scrolls of identify {unknown}
 h - a scroll of fog {unknown}
 j - a scroll of poison {unknown}
 k - a scroll of noise {unknown}
 n - a scroll of enchant weapon {unknown}
 p - a scroll of blinking {unknown}
Potions
 d - a potion of might
 i - 2 potions of haste {unknown}
 l - a potion of magic {unknown}
 m - a potion of degeneration {unknown}
 o - 2 potions of mutation {unknown}
 q - a potion of lignification {unknown}


   Skills:
 + Level 4.0 Fighting
 + Level 3.7 Axes
 + Level 4.2 Armour
 + Level 4.3 Shields


You had 4 spell levels left.
You didn't know any spells.
Your spell library was empty.

Dungeon Overview and Level Annotations

Branches:
Dungeon (4/15)
 Temple: D:4-7

Altars:

Annotations:
D:4 Blork the orc


Innate Abilities, Weirdness & Mutations

You are immune to sickness and miasma.
Your stone body is resilient. (AC +4)
You are immune to poison.
You resist negative energy. (rN+)
You are resistant to electric shocks. (rElec)
You are resistant to unholy torment.
You are immune to petrification.


Message History

Blork the orc shouts!
Found 3 stones.
The quokka bites you but does no damage.
You hit the quokka.
The quokka is almost dead.
The quokka barely misses you.
The quokka bites you but does no damage.
You barely miss the quokka.
The quokka is almost dead.
The quokka bites you but does no damage.
Blork the orc begins to cast a cantrip, but forgets the words!
You barely miss the quokka.
The quokka is almost dead.
The quokka barely misses you.
Blork the orc screams, "I'll break your legs!"
The quokka bites you but does no damage.
You slash the quokka!
You kill the quokka!
Blork the orc barely misses you.
You slash Blork the orc!
Blork the orc is lightly wounded.
Blork the orc barely misses you.
You slash Blork the orc!
Blork the orc is heavily wounded.
Blork the orc casts a spell.
Blork the orc seems to speed up.
Blork the orc casts a spell at you. The puff of frost hits you.
You barely miss Blork the orc.
Blork the orc is heavily wounded.
Blork the orc casts a spell at you. The puff of frost hits you.
Blork the orc hits you with a +2 scimitar of distortion!
Space warps around you.
You barely miss Blork the orc.
Blork the orc is heavily wounded.
Blork the orc hits you but does no damage.
Space warps horribly around you!!
Ouch! That really hurt!
You die...

#.♣♣.♣
######....#
..........#
..........#
..........#
..........#
......†=..#
......o@..###
........†...#
♣.....##....#
♣♣.... #....#
(.>.( #.(..#
.♣♣## #....#
#....# ♣♣.
#....#
♣♣♣..♣♣#
#....#


You could see Blork the orc (fast).

Vanquished Creatures
  A scorpion (D:4)
  3 gnolls (D:3)
  5 adders
  2 worms (D:2)
  A dart slug (D:2)
  3 orcs (D:3)
  5 bats
  7 endoplasms
  4 giant cockroaches (D:2)
  6 goblins
  2 hobgoblins
  5 kobolds
  2 quokkas
  8 ball pythons
  8 rats
62 creatures vanquished.

Vanquished Creatures (others)
  A plant (D:4)
1 creature vanquished.

Grand Total: 63 creatures vanquished

Notes
Turn   | Place    | Note
-------+----------+-------------------------------------------
     0 | D:1      | bande the Gargoyle Fighter began the quest for the Orb.
     0 | D:1      | Reached XP level 1. HP: 14/14 MP: 1/1
   177 | D:1      | Reached XP level 2. HP: 19/19 MP: 2/2
   629 | D:2      | Reached XP level 3. HP: 15/23 MP: 3/3
   718 | D:2      | Found a faded altar of an unknown god.
   842 | D:2      | Reached XP level 4. HP: 28/29 MP: 4/4
  1549 | D:3      | Reached XP level 5. HP: 21/33 MP: 5/5
  2057 | D:4      | Noticed Blork the orc
  2066 | D:4      | Slain by Blork the orc

Illustrated notes

Levels and vault maps discovered:
D:1:      pf_arrival_petrified_forest, layout_basic
D:2:      layout_rooms, nicolae_ecumenical_snake_handling
D:3:      layout_basic, grunt_ministairs_13
D:4:      layout_basic, serial_forest, infiniplex_forest_clump_long,
          infiniplex_forest_lined_2, infiniplex_forest_clump_cross,
          infiniplex_forest_straight_4, infiniplex_forest_3_way,
          infiniplex_forest_clump_curved, infiniplex_forest_end_3,
          biasface_ghost_orc_armoury, uniq_blork_the_orc

Skill      XL: |  1  2  3  4  5 |
---------------+----------------+-----
Axes           | 2 3 |  3.7
Shields        | 4 |  4.3
Armour         | 4 |  4.2
Fighting       | 4 |  4.0

Action                   |  1- 3 |  4- 6 || total
-------------------------+-------+-------++-------
Melee: War axe           |    86 |   101 ||   187
Armor: Scale mail        |    48 |    47 ||    95
Dodge: Dodged            |    41 |    61 ||   102
Block: Buckler           |    19 |    23 ||    42

Table legend: (Time is in decaauts)
 A = Elapsed time spent in this place.
 B = Non-inter-level travel time spent in this place.
 C = Inter-level travel time spent in this place.
 D = Time resting spent in this place.
 E = Time spent auto-exploring this place.
 F = Levels seen in this place.
 G = Mean time per level.
                   A        B        C        D        E       F      G
               +--------+--------+--------+--------+--------+-----+--------+
         Total |   2143 |   2090 |     53 |    185 |   1427 |   4 |  535.8 |
       Dungeon |   2143 |   2090 |     53 |    185 |   1427 |   4 |  535.8 |
               +--------+--------+--------+--------+--------+-----+--------+

Top non-repeatable levels by time:
     D:3: 1007 daAuts
     D:1: 578 daAuts
     D:2: 508 daAuts
     D:4: 49 daAuts
